 Dungeon Crawl Stone Soup version 0.25-a0-194-gece12570e2 (webtiles) character file.

Game seed: 13198207393700575468, levelgen mode: deterministic

618 Arixos the Skirmisher (level 7, -2/56 HPs)
             Began as a Demonspawn Monk on Dec 1, 2019.
             Shot with an arrow by a centaur (5 damage)
             ... on level 6 of the Dungeon.
             The game lasted 00:16:53 (5937 turns).

Arixos the Skirmisher (Demonspawn Monk)             Turns: 5937, Time: 00:16:54

Health: -2/56      AC:  9    Str: 11 (14) XL:     7   Next: 21%
Magic:  7/7        EV: 10    Int:  8 (11) God:
Gold:   173        SH:  0    Dex: 13 (15) Spells: 6/6 levels left

rFire    + + .     SeeInvis .   e - +0 short sword
rCold    . . .     Gourm    .   (no shield)
rNeg     . . .     Faith    .   u - +0 scale mail of Loss {rF++ MR+} (curse)
rPois    .         Spirit   .   (no helmet)
rElec    .         Reflect  .   (no cloak)
rCorr    +         Harm     .   (no gloves)
MR       +....                  (no boots)
Stlth    ..........             (no amulet)
HPRegen  0.18/turn              n - ring of resist corrosion
MPRegen  0.10/turn              (no ring)

@: very slightly contaminated, invisible
A: hooves 1, icy blue scales 1, foul stench 1, powered by pain 1, rot immunity
a: no special abilities


You were on level 6 of the Dungeon.
You were not hungry.

You visited 1 branch of the dungeon, and saw 6 of its levels.

You collected 173 gold pieces.

Inventory:

Hand Weapons
 e - a +0 short sword (weapon)
Missiles
 q - 5 poisoned darts (quivered)
Armour
 u - the cursed +0 scale mail of Loss (worn) {rF++ MR+}
   (You found it on level 4 of the Dungeon)

   It greatly protects you from fire.
   It affects your resistance to hostile enchantments.
   It has a curse placed upon it.
Jewellery
 n - a ring of resist corrosion (left hand)
Scrolls
 a - a scroll of fear {unknown}
 c - a scroll of immolation {unknown}
 g - 2 scrolls of enchant weapon {unknown}
 r - a scroll of identify
 t - a scroll of fog {unknown}
 v - a scroll of remove curse {unknown}
Potions
 f - a potion of flight {unknown}
 h - a potion of resistance {unknown}
 j - a potion of ambrosia {unknown}
 k - a potion of degeneration
 l - a potion of curing {unknown}
 m - 2 potions of haste {unknown}
 p - 2 potions of berserk rage
 s - 2 potions of might {unknown}
Comestibles
 b - 8 rations
 o - 2 chunks of flesh


   Skills:
 + Level 5.4 Fighting
 + Level 3.8 Armour
 + Level 4.9 Dodging
 - Level 1.7 Stealth
 - Level 2.6 Unarmed Combat


You had 6 spell levels left.
You didn't know any spells.
Your spell library was empty.

Dungeon Overview and Level Annotations

Branches:
Dungeon (6/15)
 Temple: D:4-7

Altars:
Ashenzari
Hepliaklqana


Innate Abilities, Weirdness & Mutations

You have large cloven feet.
You are partially covered in icy blue scales. (AC +2)
You may emit foul miasma when damaged in melee.
You sometimes gain a little power by taking damage.
You are immune to rotting.


Message History

The hound dies!
A leopard gecko skeleton comes into view.
The centaur shoots an arrow.
The arrow hits you!
* * * LOW HITPOINT WARNING * * *
You see here an arrow.
The leopard gecko skeleton closely misses you.
The centaur shoots an arrow.
The arrow hits you!
* * * LOW HITPOINT WARNING * * *
The leopard gecko skeleton bites you but does no damage.
You see here an arrow.
The centaur shoots an arrow.
The arrow hits you but does no damage.
You see here 2 arrows.
The centaur shoots an arrow.
The arrow hits the leopard gecko skeleton.
The centaur shoots an arrow.
The arrow barely misses you.
The centaur shoots an arrow.
The centaur shoots an arrow.
The centaur shoots an arrow.
The centaur shoots an arrow. x2; The arrow hits you.
You die...

#.............. ..........
#..?......... .........
...........## ##.#.#...
............# #......##
.......<(...# #......##
.........(..# ##......r.
............#####.....(.##
.......(.....#.......(####
.....?...@......?..##.####
..........#.##c.S.#......#
...............#.#...((..Z
........##...#.#.(........
.............#..........
...#....##...#..........
........ #..............
..#..... #.#............
####..?.%......


You could see a centaur and an adder.

Vanquished Creatures
  A sky beast (D:4)
  A scorpion (D:4)
  2 bullfrog zombies
  2 howler monkeys (D:4)
  A bullfrog skeleton (D:4)
  A hound (D:3)
  An orc wizard (D:3)
  A centaur skeleton (D:4)
  2 worker ants (D:4)
  An iguana (D:4)
  7 adders
  2 oozes
  A dart slug (D:2)
  2 leopard geckos (D:3)
  4 orcs (D:3)
  5 giant cockroaches
  4 goblins
  3 hobgoblins
  14 jackals
  4 quokkas
  2 ball pythons
  8 bats
  9 kobolds
  A quokka skeleton (D:4)
  A rat (D:2)
80 creatures vanquished.

Vanquished Creatures (others)
  A hound (D:6)
1 creature vanquished.

Grand Total: 81 creatures vanquished

Notes
Turn   | Place    | Note
-------+----------+-------------------------------------------
     0 | D:1      | Arixos the Demonspawn Monk began the quest for the Orb.
     0 | D:1      | Reached XP level 1. HP: 18/18 MP: 1/1
   283 | D:1      | Gained mutation: You are immune to rotting. [demonic
                  | ancestry]
   283 | D:1      | Reached XP level 2. HP: 23/24 MP: 2/2
   294 | D:1      | Found a shattered altar of Ashenzari.
   865 | D:2      | Reached skill level 1 in Armour
  1346 | D:2      | Reached XP level 3. HP: 29/29 MP: 3/3
  1361 | D:2      | Found a hazy altar of Hepliaklqana.
  2492 | D:3      | Gained mutation: You sometimes gain a little power by
                  | taking damage. [demonic ancestry]
  2492 | D:3      | Reached XP level 4. HP: 37/37 MP: 4/4
  3156 | D:3      | Reached skill level 4 in Fighting
  3419 | D:3      | Gained mutation: You may emit foul miasma when damaged in
                  | melee. [demonic ancestry]
  3419 | D:3      | Reached XP level 5. HP: 33/42 MP: 5/5
  3681 | D:3      | HP: 2/42 [poisoned by a worker ant]
  4093 | D:4      | Gained mutation: You have large cloven feet. [demonic
                  | ancestry]
  4093 | D:4      | Reached XP level 6. HP: 24/49 MP: 6/6
  4584 | D:4      | Got a shimmering scale mail
  4585 | D:4      | Identified the cursed +0 scale mail of Loss {rF++ MR+} (You
                  | found it on level 4 of the Dungeon)
  4807 | D:4      | Reached skill level 5 in Fighting
  4820 | D:4      | Noticed a sky beast
  5047 | D:4      | Killed a sky beast
  5047 | D:4      | Gained mutation: You are partially covered in icy blue
                  | scales. (AC +2) [demonic ancestry]
  5047 | D:4      | Reached XP level 7. HP: 30/56 MP: 7/7
  5083 | D:4      | HP: 2/56 [poisoned by a scorpion]
  5090 | D:4      | HP: 2/56 [poisoned by a scorpion]
  5791 | D:5      | Entered Level 5 of the Dungeon
  5924 | D:6      | HP: 1/56 [centaur/arrow (11)]
  5937 | D:6      | Shot with an arrow by a centaur

Levels and vault maps discovered:
D:1:      dpeg_arrival_arbitrary_c, layout_loops_ring, evilmike_ruin_ashenzari
D:2:      layout_loops_corners, old_standard_altar
D:3:      layout_loops_cross
D:4:      layout_cave_pods, minmay_misc_feat_columns, grunt_ministairs_15
D:5:      layout_cave_pools, first_ration
D:6:      layout_rooms, dancing_weapons_uskayaw, minitemple,
          minmay_temple_entry_hall

Skill      XL: |  1  2  3  4  5  6 |
---------------+-------------------+-----
Armour         | 1 2 3 |  3.8
Dodging        | 3 4 |  4.9
Fighting       | 4 5 |  5.4
Stealth        | |  1.7
Unarmed Combat | |  2.6

Action                   |  1- 3 |  4- 6 |  7- 9 || total
-------------------------+-------+-------+-------++-------
Melee: Unarmed           |    28 |       |       ||    28
       Short sword       |   164 |   262 |    27 ||   453
       Punch             |     1 |     2 |       ||     3
       Kick              |       |    13 |     8 ||    21
  Use: Potion            |       |     4 |     3 ||     7
       Scroll            |       |     2 |     1 ||     3
 Stab: Sleeping          |     2 |     1 |       ||     3
  Eat: Chunk             |     5 |     8 |       ||    13
       Ration            |       |       |     1 ||     1
Armor: Ring mail         |    75 |    31 |       ||   106
       Plate armour      |       |    95 |       ||    95
       Scale mail        |       |    26 |    21 ||    47
Dodge: Dodged            |   133 |   126 |    19 ||   278

Table legend:
 A = Non-vault XP
 B = Vault XP
 C = Vault XP percentage of total XP
 D = Non-vault monster count
 E = Vault monster count
 F = Vault count percentage of total count
                 A         B        C        D         E       F
            +---------+---------+-------+---------+---------+-------
      Total |     884 |       0 |   0.0 |      80 |       0 |   0.0
            +---------+---------+-------+---------+---------+-------
        D:1 |      21 |       0 |   0.0 |      13 |       0 |   0.0
        D:2 |      52 |       0 |   0.0 |      23 |       0 |   0.0
        D:3 |     161 |       0 |   0.0 |      22 |       0 |   0.0
        D:4 |     600 |       0 |   0.0 |      20 |       0 |   0.0
        D:5 |      50 |       0 |   0.0 |       2 |       0 |   0.0
            +---------+---------+-------+---------+---------+-------
